Map: [ESL] Ghost River

Players

DisK

  • Race: Protoss Protoss
  • Spawn Location: 11:00

Future - Winner!

  • Race: Terran Terran
  • Spawn Location: 1:00

Event: ESL SC2 Masters 2024 Spring (Regional)

VOD

Have the link to the VOD?

Description

Time

  • Played on: May 4, 2024, 1:45 p.m.
  • Length: 9:41

All games in this series

Show
View Real Time Build Order
Export as new Build Order

DisK Protoss 

Build Orders: 1 Gate Expand, Blink Stalkers 

Get SALT Encoding   

  12  0:00  Probe  
  13  0:12  Probe  
  14  0:17  Pylon  
  14  0:24  Probe  
  15  0:35  Gateway  
  15  0:36  Probe (Chrono Boost)  
  16  0:46  Assimilator, Probe (Chrono Boost)  
  17  0:51  Probe (Chrono Boost)  
  18  1:03  Probe  
  19  1:15  Probe  
  20  1:23  Cybernetics Core  
  22  1:32  Nexus  
  20  1:35  Probe  
  21  1:42  Pylon  
  21  1:47  Probe  
  21  1:53  Assimilator  
  22  1:57  Adept (Chrono Boost)  
  24  2:02  Probe  
  24  2:04  Warp Gate  
  24  2:14  Probe  
  25  2:18  Adept (Chrono Boost)  
  27  2:26  Probe  
  27  2:28  Twilight Council  
  28  2:35  Shield Battery  
  28  2:44  Probe (Chrono Boost)  
  28  2:49  Probe (Chrono Boost)  
  29  2:54  Stalker  
  32  3:00  Blink (Chrono Boost), Probe (Chrono Boost)  
  32  3:01  Probe (Chrono Boost)  
  33  3:06  Probe (Chrono Boost)  
  33  3:07  Probe  
  35  3:18  Probe  
  36  3:21  Robotics Facility  
  36  3:25  Probe  
  35  3:30  Probe, Gateway  
  36  3:39  Probe  
  37  3:43  Pylon  
  37  3:44  Probe  
  38  3:51  Stalker  
  39  3:59  Probe  
  39  4:02  Probe  
  39  4:05  Observer  
  40  4:11  Probe  
  40  4:14  Probe  
  42  4:20  Stalker  
  42  4:24  Probe  
  45  4:26  Nexus  
  45  4:28  Pylon  
  45  4:30  Stalker  
  44  5:00  Stalker x2  
  44  5:03  Probe (Chrono Boost)  
  44  5:05  Probe (Chrono Boost)  
  50  5:07  Forge  
  50  5:13  Charge  
  51  5:15  Probe (Chrono Boost)  
  51  5:20  Probe (Chrono Boost)  
  52  5:21  Probe (Chrono Boost)  
  52  5:25  Gateway  
  52  5:27  Gateway  
  53  5:28  Probe  
  53  5:29  Probe  
  55  5:36  Sentry x2, Protoss Ground Weapons Level 1 (Chrono Boost)  
  55  5:37  Observer  
  55  5:39  Probe  
  55  5:41  Probe  
  61  5:44  Gateway  
  61  5:48  Probe  
  62  5:51  Probe  
  62  5:52  Gateway  
  62  5:55  Observer  
  62  5:56  Probe  
  64  6:00  Gateway  
  64  6:01  Gateway  
  64  6:05  Pylon  
  64  6:08  Sentry  
  64  6:10  Zealot  
  64  6:11  Probe  
  69  6:12  Probe  
  69  6:13  Probe  
  71  6:20  Pylon  
  71  6:21  Pylon  
  71  6:24  Stalker  
  73  6:31  Zealot x3  
  78  6:33  Observer  
  78  6:34  Probe x3  
  78  6:39  Pylon  
  81  6:41  Pylon  
  81  6:45  Zealot  
  81  6:46  Zealot  
  85  6:48  Zealot  
  85  6:52  Pylon, Probe x2  
  85  6:53  Probe  
  90  7:00  Stalker  
  92  7:05  Zealot x4  
  92  7:07  Zealot  
  102  7:09  Zealot  
  102  7:14  Pylon  
  104  7:16  Pylon  
  104  7:23  Zealot x2  
  104  7:25  Observer  
  108  7:36  Zealot x6  
  120  7:44  Zealot x2  
  124  7:54  Probe x2  
  124  7:55  Probe  
  124  7:57  Zealot x6  
  98  8:15  Zealot x2  
  98  8:18  Zealot x6  
  98  8:42  Zealot x2  
  98  8:43  Zealot x6  
  112  8:55  Warp Prism  
  110  8:57  Nexus  
  110  9:00  Pylon, Robotics Bay  
  108  9:04  Zealot x6, Sentry x2  
  108  9:05  Shield Battery  
  110  9:24  Zealot  
  110  9:25  Zealot x5  
  110  9:28  Zealot  
  110  9:29  Zealot x6  
Show
View Real Time Build Order
Export as new Build Order

Future Terran - Winner!

Build Orders: Cyclone Opening 

Get SALT Encoding   

  12  0:00  SCV  
  13  0:12  SCV  
  14  0:17  Supply Depot  
  14  0:24  SCV  
  15  0:38  SCV  
  15  0:40  Barracks  
  16  0:43  Refinery  
  16  0:50  SCV  
  16  0:52  Refinery  
  17  1:02  SCV  
  18  1:14  SCV  
  19  1:19  Supply Depot  
  19  1:27  Orbital Command, Reaper  
  20  1:43  Factory  
  20  1:52  SCV  
  21  1:59  Barracks Reactor  
  21  2:04  SCV  
  22  2:17  SCV  
  22  2:21  Command Center  
  23  2:28  Hellion  
  26  2:30  SCV  
  26  2:38  Reaper x2  
  26  2:42  SCV  
  29  2:47  Supply Depot  
  29  2:54  SCV  
  29  2:55  Cyclone  
  31  3:01  Starport  
  31  3:08  SCV  
  31  3:11  Marine x2  
  34  3:22  SCV  
  35  3:30  Widow Mine  
  37  3:34  SCV, Marine  
  37  3:38  Marine  
  37  3:39  Orbital Command  
  40  3:41  Medivac  
  40  3:46  SCV  
  43  3:51  Widow Mine, Refinery  
  43  3:52  Marine  
  46  3:59  SCV  
  46  4:00  Marine  
  46  4:03  Supply Depot  
  46  4:05  SCV  
  47  4:10  Marine  
  47  4:11  SCV  
  47  4:14  Factory Tech Lab  
  47  4:16  Starport Tech Lab  
  49  4:17  SCV, Marine  
  49  4:23  SCV  
  52  4:26  Supply Depot  
  52  4:28  Marine  
  53  4:32  SCV  
  53  4:35  Marine  
  53  4:36  SCV  
  56  4:40  Siege Tank  
  56  4:41  Interference Matrix, Raven  
  56  4:45  SCV  
  60  4:46  Marine  
  60  4:48  SCV  
  62  4:54  Supply Depot  
  62  4:57  SCV  
  62  4:58  Barracks, Marine  
  62  5:00  SCV  
  62  5:04  Marine  
  62  5:06  Barracks  
  64  5:09  SCV  
  64  5:12  SCV, Siege Tank  
  69  5:16  Marine  
  69  5:20  Supply Depot  
  69  5:21  SCV, Marine  
  71  5:24  SCV  
  73  5:35  SCV  
  74  5:36  SCV  
  74  5:37  Engineering Bay  
  74  5:39  Supply Depot  
  75  5:44  Supply Depot  
  75  5:49  Starport Reactor  
  74  5:51  SCV x2, Marine  
  74  5:52  Marine  
  74  5:53  Stimpack, Marauder  
  74  5:54  Refinery  
  80  5:58  Factory Reactor  
  80  6:04  Marauder  
  82  6:05  Combat Shield  
  82  6:09  Terran Infantry Weapons Level 1, Marine x2  
  82  6:10  Supply Depot  
  84  6:12  Supply Depot  
  84  6:14  Marauder  
  86  6:25  Marauder  
  88  6:30  Marine x2  
  88  6:32  Medivac x2  
  92  6:35  Widow Mine x2, Marauder  
  98  6:46  Marauder  
  100  6:48  Marine x2  
  100  6:49  Supply Depot x2  
  102  6:56  Widow Mine x2  
  102  6:57  Marauder  
  108  7:02  Medivac x2  
  108  7:06  Marine x2  
  108  7:08  Marauder  
  116  7:17  Widow Mine, Supply Depot  
  116  7:18  Widow Mine  
  120  7:22  Supply Depot, Marauder  
  120  7:26  Command Center  
  120  7:29  Marauder  
  121  7:31  Marine x2  
  120  7:39  Widow Mine x2  
  126  7:44  Marauder  
  126  7:46  Medivac x2  
  126  7:50  Marauder  
  126  7:51  Marine x2  
  134  7:58  Barracks  
  134  7:59  Barracks  
  134  8:02  Widow Mine x2  
  138  8:07  Marauder  
  138  8:12  Marauder  
  128  8:17  SCV x2  
  130  8:23  Widow Mine x2  
  134  8:28  Marauder  
  134  8:29  SCV  
  134  8:30  SCV  
  134  8:31  Marine x2  
  140  8:34  Supply Depot  
  140  8:35  Supply Depot  
  140  8:41  Marauder  
  127  8:44  Widow Mine  
  127  8:46  Widow Mine  
  127  8:48  SCV x2  
  127  8:49  Marauder  
  129  8:56  Marine x2  
  129  9:00  SCV x2  
  132  9:06  Armory  
  132  9:12  SCV, Engineering Bay  
  132  9:16  SCV  
  130  9:18  Marauder x2  
  135  9:24  SCV  
  135  9:28  SCV  
Tags
 
Add a new tag
Caveats
  • Supply blocks, unpowered buildings, or Contaminate may cause inaccurate times.
  • Supply counts are checked every 10 seconds.